 Dungeon Crawl Stone Soup version 0.21-a0-372-gd0ff781 (webtiles) character file.

8585 torrenera the Thaumaturge (level 11, -2/86 HPs)
             Began as a Gnoll Skald on Oct 16, 2017.
             Was an Elder of Wu Jian.
             Slain by a komodo dragon (19 damage)
             ... on level 1 of the Lair of Beasts.
             The game lasted 00:30:30 (11968 turns).

torrenera the Thaumaturge (Gnoll Skald)            Turns: 11968, Time: 00:30:31

Health: -2/86      AC: 11    Str: 27    XL:     11   Next: 33%
Magic:  22/23      EV: 15    Int: 16    God:    Wu Jian [****..]
Gold:   547        SH:  0    Dex: 11    Spells: 15/26 levels left

rFire    + . .     SeeInvis +   R - +2 mace of Fedhas {drain, Str+8 Dex-3} (curse)
rCold    . . .     Gourm    .   (no shield)
rNeg     . . .     Faith    .   J - +1 ring mail {rF+}
rPois    .         Spirit   .   w - +1 helmet
rElec    .         Reflect  .   (no cloak)
rCorr    .         Harm     .   (no gloves)
MR       .....                  z - +0 pair of boots
Stlth    ++........             (no amulet)
HPRegen  1.24/turn              A - +2 ring of strength
MPRegen  0.18/turn              l - ring of see invisible

@: regenerating (expiring), studying Fighting
A: distributed training, fangs 1, strong nose
a: Serpent's Lash, Renounce Religion


You were on level 1 of the Lair of Beasts.
You worshipped Wu Jian.
Wu Jian was greatly pleased with you.
You were near starving.

You visited 3 branches of the dungeon, and saw 11 of its levels.

You collected 547 gold pieces.

Inventory:

Hand Weapons
 a - a +4 dagger of venom
 b - a +0 hunting sling
 i - a +2 rapier of speed
 I - a +0 great sword
 K - a +0 glaive of flaming
 L - a +0 blowgun
 R - the cursed +2 mace of Fedhas (weapon) {drain, Str+8 Dex-3}
   (You found it on level 8 of the Dungeon)

   A truly terrible weapon, it drains the life of those it strikes.
   It affects your strength (+8).
   It affects your dexterity (-3).
   It has a curse placed upon it.
Missiles
 h - 245 stones (quivered)
 N - 5 poisoned needles
Armour
 w - a +1 helmet (worn)
 z - a +0 pair of boots (worn)
 H - a cursed -1 large shield
 J - a +1 ring mail of fire resistance (worn)
Magical Staves
 C - an uncursed staff of earth {unknown}
Jewellery
 l - a ring of see invisible (right hand)
 o - a +3 ring of strength
 r - an uncursed ring of positive energy {unknown}
 y - a +2 ring of protection
 A - a +2 ring of strength (left hand)
 E - a +3 ring of protection
 O - a cursed ring of teleportation {unknown}
 Q - the amulet of Vymumil {Inacc rN+ Str+7, unknown}
   (You found it on level 8 of the Dungeon)

   [amulet of inaccuracy]

   It reduces the accuracy of all your attacks.
   It affects your strength (+7).
   It protects you from negative energy.
 U - the ring "Refifiu" {*Corrode rPois MR+ EV+3 Int+2, unknown}
   (You found it on level 1 of the Lair of Beasts)

   [ring of evasion]

   It affects your evasion (+3).
   It affects your intelligence (+2).
   It protects you from poison.
   It affects your resistance to hostile enchantments.
   It may corrode you when you take damage.
Wands
 M - a wand of polymorph (12/24)
 T - a wand of digging (2/24)
Scrolls
 e - 10 scrolls of remove curse
 f - 2 scrolls of enchant armour
 g - a scroll of teleportation
 j - a scroll of enchant weapon {unknown}
 m - a scroll of fog {unknown}
 n - 4 scrolls of identify
 s - 2 scrolls of immolation {unknown}
 v - 5 scrolls of amnesia {unknown}
 x - 3 scrolls of noise {unknown}
 F - 2 scrolls of blinking {unknown}
Potions
 q - 2 potions of curing
 u - a potion of flight
 B - a potion of heal wounds
 D - a potion of haste {unknown}
 G - a potion of mutation {unknown}
Books
 c - a book of Battle

   Spells                             Type                      Level
   a - Infusion                       Charms                       1
   b - Shroud of Golubria             Charms/Translocation         2
   c - Song of Slaying                Charms                       2
   d - Spectral Weapon                Hexes/Charms                 3
   e - Regeneration                   Charms/Necromancy            3
 t - a book of Necromancy

   Spells                             Type                      Level
   a - Pain                           Necromancy                   1
   b - Animate Skeleton               Necromancy                   1
   c - Vampiric Draining              Necromancy                   3
   d - Regeneration                   Charms/Necromancy            3
   e - Animate Dead                   Necromancy                   4
   f - Control Undead                 Necromancy                   4
 P - a manual of Fighting
Miscellaneous
 S - a crystal ball of energy
Comestibles
 d - 4 bread rations
 k - 3 meat rations
 p - a royal jelly
 V - 2 fruits


   Skills:
 + Level 7.8 Fighting
 + Level 6.1 Short Blades
 + Level 7.7 Long Blades
 + Level 6.1 Axes
 + Level 6.1 Maces & Flails
 + Level 6.1 Polearms
 + Level 6.1 Staves
 + Level 6.1 Slings
 + Level 6.1 Bows
 + Level 6.1 Crossbows
 + Level 6.1 Throwing
 + Level 6.6 Armour
 + Level 7.7 Dodging
 + Level 6.1 Stealth
 + Level 6.1 Shields
 + Level 6.1 Unarmed Combat
 + Level 8.0 Spellcasting
 + Level 5.0 Conjurations
 + Level 5.0 Hexes
 + Level 7.5 Charms
 + Level 5.0 Summonings
 + Level 5.0 Necromancy
 + Level 5.0 Translocations
 + Level 5.0 Transmutations
 + Level 5.0 Fire Magic
 + Level 5.0 Ice Magic
 + Level 5.0 Air Magic
 + Level 5.0 Earth Magic
 + Level 5.0 Poison Magic
 + Level 6.7 Invocations
 + Level 6.1 Evocations


You had 15 spell levels left.
You knew the following spells:

 Your Spells              Type           Power        Failure   Level  Hunger
a - Infusion              Chrm           ####         1%          1    None
b - Song of Slaying       Chrm           ####....     1%          2    None
c - Shroud of Golubria    Chrm/Tloc      ####......   1%          2    None
d - Regeneration          Chrm/Necr      ####......   3%          3    ##.....
e - Spectral Weapon       Hex/Chrm       ####....     3%          3    ##.....


Dungeon Overview and Level Annotations

Branches:
Dungeon (9/15)             Temple (1/1) D:4            Lair (1/6) D:8
    Orc: D:9-12

Altars:
Cheibriados
Elyvilon
Fedhas
Kikubaaqudgha
Makhleb
Nemelex Xobeh
Qazlal
Ru
Sif Muna
Trog
Wu Jian
Xom
Yredelemnul
The Shining One


Innate Abilities, Weirdness & Mutations

Your experience applies equally to all skills.
You have very sharp teeth.
Your uncanny sense of smell can sniff out nearby items.


Message History

Confirm with . or Enter, or press ? or * to list all spells.
Your skin crawls.
The komodo dragon closely misses you.
Your skin is crawling a little less now.
Your skin stops crawling.
Casting: Regeneration
Confirm with . or Enter, or press ? or * to list all spells.
Your skin crawls.
The komodo dragon bites you!
* * * LOW HITPOINT WARNING * * *
Your skin is crawling a little less now.
You spin and attack the komodo dragon.
You hit the komodo dragon.
The komodo dragon is lightly wounded.
The komodo dragon bites you!
* * * LOW HITPOINT WARNING * * *
There is a staircase back to the Dungeon here.
Casting: Regeneration
Confirm with . or Enter, or press ? or * to list all spells.
Okay, then.
Unknown command.
The komodo dragon bites you!!
You die...

#.## #............ ..... #..#
#.....#... .. ..... #.P#
#.....#... .. ..... ##.#
#........ . ..... ####..# ###
##.....# .#.....
......####.###......#####+#......
.................................
###.............l................
#.............@................
##.......................##.###.
#........................####
##.......####.#..#####....#
#.......# ###...# #...#####
#.......# #..## #........
##.......# #..# ##........
#≈.......######..## #.........
≈≈................# ##........


You could see a komodo dragon.

Vanquished Creatures
  A centaur warrior (D:8)
  2 two-headed ogres (D:8)
  An unseen horror (D:8)
  Psyche (D:8)
  Grinder (D:5)
  A hornet (D:7)
  3 hippogriffs
  A wyvern (D:8)
  A hungry ghost (D:8)
  4 yaks (D:8)
  Grum (D:8)
  Duvessa (D:5)
  2 ice beasts
  2 hornet zombies
  An orc warrior (D:7)
  2 sky beasts
  3 black bears
  3 ogres
  2 phantoms
  3 wolves
  3 centaurs
  A crocodile (Lair:1)
  A big kobold (D:8)
  5 bullfrogs
  Dowan (D:5)
  5 scorpions
  A wyvern skeleton (D:8)
  6 killer bees
  2 bullfrog zombies
  2 crimson imps
  2 bullfrog skeletons
  2 jellies (D:8)
  4 orc priests
  7 orc wizards
  2 iguanas
  5 worker ants
  A hound skeleton (D:4)
  7 gnolls
  A river rat (D:3)
  11 adders
  A shadow imp (D:8)
  An ooze (D:4)
  An adder zombie (D:7)
  4 worms
  6 dart slugs
  3 leopard geckos
  15 orcs
  5 bats
  2 giant cockroaches
  8 goblins
  6 hobgoblins
  8 jackals
  10 kobolds
  3 quokkas
  2 ball pythons (D:3)
  A jackal skeleton (D:4)
  A quokka skeleton (D:8)
  A quokka zombie (D:8)
  9 rats
192 creatures vanquished.

Vanquished Creatures (others)
  5 bushes (D:7)
  4 spectral weapons
9 creatures vanquished.

Grand Total: 201 creatures vanquished

Notes
Turn   | Place    | Note
-------+----------+-------------------------------------------
     0 | D:1      | torrenera the Gnoll Skald began the quest for the Orb.
     0 | D:1      | Reached XP level 1. HP: 20/20 MP: 6/6
   197 | D:1      | Reached XP level 2. HP: 21/26 MP: 7/7
   452 | D:1      | Reached XP level 3. HP: 28/31 MP: 2/9
   589 | D:1      | Reached skill level 5 in Spellcasting
  1113 | D:2      | Found an ornate altar of the Wu Jian Council.
  1125 | D:2      | Became a worshipper of the Wu Jian Council
  1197 | D:2      | Reached skill level 1 in Short Blades
  1197 | D:2      | Reached skill level 1 in Axes
  1197 | D:2      | Reached skill level 1 in Maces & Flails
  1197 | D:2      | Reached skill level 1 in Polearms
  1197 | D:2      | Reached skill level 1 in Staves
  1197 | D:2      | Reached skill level 1 in Slings
  1197 | D:2      | Reached skill level 1 in Bows
  1197 | D:2      | Reached skill level 1 in Crossbows
  1197 | D:2      | Reached skill level 1 in Throwing
  1197 | D:2      | Reached skill level 1 in Stealth
  1197 | D:2      | Reached skill level 1 in Shields
  1197 | D:2      | Reached skill level 1 in Unarmed Combat
  1197 | D:2      | Reached skill level 1 in Invocations
  1197 | D:2      | Reached skill level 1 in Evocations
  1197 | D:2      | Reached XP level 4. HP: 8/38 MP: 11/11
  1493 | D:2      | Learned a level 2 spell: Song of Slaying
  1496 | D:2      | Learned a level 2 spell: Shroud of Golubria
  2130 | D:2      | Reached skill level 1 in Conjurations
  2130 | D:2      | Reached skill level 1 in Hexes
  2130 | D:2      | Reached skill level 1 in Summonings
  2130 | D:2      | Reached skill level 1 in Necromancy
  2130 | D:2      | Reached skill level 1 in Translocations
  2130 | D:2      | Reached skill level 1 in Transmutations
  2130 | D:2      | Reached skill level 1 in Fire Magic
  2130 | D:2      | Reached skill level 1 in Ice Magic
  2130 | D:2      | Reached skill level 1 in Air Magic
  2130 | D:2      | Reached skill level 1 in Earth Magic
  2130 | D:2      | Reached skill level 1 in Poison Magic
  2716 | D:3      | Found a glowing drain.
  2898 | D:3      | Reached XP level 5. HP: 27/43 MP: 12/12
  3094 | D:3      | Reached * piety under Wu Jian
  3920 | D:4      | Reached XP level 6. HP: 21/50 MP: 7/13
  4347 | D:4      | Learned a level 3 spell: Regeneration
  4351 | D:4      | Learned a level 3 spell: Spectral Weapon
  4608 | D:4      | Found a staircase to the Ecumenical Temple.
  4620 | D:4      | Reached skill level 5 in Fighting
  4620 | D:4      | Reached skill level 5 in Long Blades
  4620 | D:4      | Reached skill level 5 in Dodging
  4637 | Temple   | Entered the Ecumenical Temple
  4848 | D:4      | Found a snail-covered altar of Cheibriados.
  5182 | D:5      | Entered Level 5 of the Dungeon
  5293 | D:5      | Reached XP level 7. HP: 44/56 MP: 13/15
  5429 | D:5      | Reached ** piety under Wu Jian
  6421 | D:5      | Reached XP level 8. HP: 46/63 MP: 16/16
  6434 | D:5      | Noticed Duvessa
  6434 | D:5      | Noticed Dowan
  6590 | D:5      | Noticed Grinder
  6623 | D:5      | Killed Duvessa
  6642 | D:5      | Killed Dowan
  6911 | D:5      | Reached skill level 6 in Spellcasting
  7096 | D:5      | Paralysed by Grinder for 7 turns
  7107 | D:5      | Killed Grinder
  7441 | D:6      | Reached XP level 9. HP: 64/69 MP: 9/18
  7462 | D:6      | Found a sacrificial altar of Ru.
  7742 | D:6      | Found a bloodstained altar of Trog.
  7854 | D:6      | Found a shimmering altar of Xom.
  7857 | D:6      | Found a sparkling altar of Nemelex Xobeh.
  7860 | D:6      | Found a glowing golden altar of the Shining One.
  8074 | D:7      | Found a blossoming altar of Fedhas.
  8555 | D:7      | Reached skill level 5 in Armour
  8902 | D:7      | Noticed a hornet
  8922 | D:7      | Killed a hornet
  8922 | D:7      | Reached skill level 5 in Invocations
  9072 | D:7      | Reached *** piety under Wu Jian
  9988 | D:8      | Reached XP level 10. HP: 77/77 MP: 16/20
  9995 | D:8      | Reached skill level 7 in Spellcasting
 10032 | D:8      | Reached skill level 5 in Short Blades
 10032 | D:8      | Reached skill level 5 in Axes
 10032 | D:8      | Reached skill level 5 in Maces & Flails
 10032 | D:8      | Reached skill level 5 in Polearms
 10032 | D:8      | Reached skill level 5 in Staves
 10032 | D:8      | Reached skill level 5 in Slings
 10032 | D:8      | Reached skill level 5 in Bows
 10032 | D:8      | Reached skill level 5 in Crossbows
 10032 | D:8      | Reached skill level 5 in Throwing
 10032 | D:8      | Reached skill level 5 in Stealth
 10032 | D:8      | Reached skill level 5 in Shields
 10032 | D:8      | Reached skill level 5 in Unarmed Combat
 10032 | D:8      | Reached skill level 5 in Evocations
 10362 | D:8      | Found a burning altar of Makhleb.
 10455 | D:8      | Noticed Psyche
 10489 | D:8      | Killed Psyche
 10491 | D:8      | Reached **** piety under Wu Jian
 10626 | D:8      | Noticed a centaur warrior
 10628 | D:8      | Noticed a two-headed ogre
 10677 | D:8      | Killed a two-headed ogre
 10963 | D:8      | Found a staircase to the Lair.
 11000 | D:8      | Noticed a two-headed ogre
 11011 | D:8      | Killed a two-headed ogre
 11116 | D:8      | Noticed Grum
 11184 | D:8      | Killed Grum
 11184 | D:8      | Reached XP level 11. HP: 73/84 MP: 14/22
 11327 | D:8      | Found a runed door.
 11405 | D:8      | Noticed an unseen horror
 11421 | D:8      | Killed an unseen horror
 11500 | D:8      | Got a fine copper amulet
 11501 | D:8      | Got a scorched mace
 11662 | D:8      | Killed a centaur warrior
 11662 | D:8      | Reached skill level 5 in Conjurations
 11662 | D:8      | Reached skill level 5 in Hexes
 11662 | D:8      | Reached skill level 5 in Summonings
 11662 | D:8      | Reached skill level 5 in Necromancy
 11662 | D:8      | Reached skill level 5 in Translocations
 11662 | D:8      | Reached skill level 5 in Transmutations
 11662 | D:8      | Reached skill level 5 in Fire Magic
 11662 | D:8      | Reached skill level 5 in Ice Magic
 11662 | D:8      | Reached skill level 5 in Air Magic
 11662 | D:8      | Reached skill level 5 in Earth Magic
 11662 | D:8      | Reached skill level 5 in Poison Magic
 11683 | D:8      | Identified the cursed +2 mace of Fedhas {drain, Str+8 Dex-3} (You found it on level 8 of the Dungeon)
 11801 | Lair:1   | Entered Level 1 of the Lair of Beasts
 11805 | Lair:1   | Got a steaming steel ring
 11894 | Lair:1   | Noticed a six-headed hydra
 11910 | Lair:1   | Reached skill level 8 in Spellcasting
 11968 | Lair:1   | Slain by a komodo dragon

Vault maps used:
D:1:      minmay_arrival_loop, st_stairs_3, wad_woods_river_04
D:2:      nicolae_overflow_crystal_walls, minivault_5
D:3:      portal_sewer_entry_b
D:4:      kennysheep_mini_moat, minmay_temple_entry_glass
D:5:      first_bread, uniq_duvessa, uniq_grinder
D:6:      grunt_temple_overflow_diamond, kennysheep_mini, trog_ov_bears_minmay
D:7:      fedhas_bush_and_centaur_altar, minivault_19
D:8:      minmay_the_grid_triangle_9x9_rhombus_thin, old_standard_altar,
          uniq_psyche, uniq_grum
D:9:      nicolae_overflow_hidden_temple
Temple:   cyrus_circular_temple
Lair:1:   lemuel_altar_in_water2

Skill      XL: |  1  2  3  4  5  6  7  8  9 10 11 |
---------------+----------------------------------+-----
Spellcasting   | 5 6 7 8 |  8.0
Short Blades   | 1 2 3 4 5 6 |  6.1
Axes           | 1 2 3 4 5 6 |  6.1
Maces & Flails | 1 2 3 4 5 6 |  6.1
Polearms       | 1 2 3 4 5 6 |  6.1
Staves         | 1 2 3 4 5 6 |  6.1
Slings         | 1 2 3 4 5 6 |  6.1
Bows           | 1 2 3 4 5 6 |  6.1
Crossbows      | 1 2 3 4 5 6 |  6.1
Throwing       | 1 2 3 4 5 6 |  6.1
Stealth        | 1 2 3 4 5 6 |  6.1
Shields        | 1 2 3 4 5 6 |  6.1
Unarmed Combat | 1 2 3 4 5 6 |  6.1
Invocations    | 1 2 3 4 5 6 |  6.7
Evocations     | 1 2 3 4 5 6 |  6.1
Conjurations   | 1 2 3 4 5 |  5.0
Hexes          | 1 2 3 4 5 |  5.0
Summonings     | 1 2 3 4 5 |  5.0
Necromancy     | 1 2 3 4 5 |  5.0
Translocations | 1 2 3 4 5 |  5.0
Transmutations | 1 2 3 4 5 |  5.0
Fire Magic     | 1 2 3 4 5 |  5.0
Ice Magic      | 1 2 3 4 5 |  5.0
Air Magic      | 1 2 3 4 5 |  5.0
Earth Magic    | 1 2 3 4 5 |  5.0
Poison Magic   | 1 2 3 4 5 |  5.0
Armour         | 3 4 5 6 |  6.6
Fighting       | 5 6 7 |  7.8
Long Blades    | 5 6 7 |  7.7
Dodging        | 5 6 7 |  7.7
Charms         | 6 7 |  7.5

Action                   |  1- 3 |  4- 6 |  7- 9 | 10-12 || total
-------------------------+-------+-------+-------+-------++-------
Melee: Falchion          |    64 |   205 |    96 |       ||   365
       Bite              |     6 |    23 |    37 |    40 ||   106
       Punch             |       |     4 |     6 |    13 ||    23
       Dagger            |       |       |   206 |   218 ||   424
       Rapier            |       |       |     8 |       ||     8
       Hunting sling     |       |       |     1 |       ||     1
       Glaive            |       |       |       |    53 ||    53
       Mace              |       |       |       |    35 ||    35
 Fire: Hunting sling     |       |       |    50 |     3 ||    53
       Blowgun           |       |       |       |     5 ||     5
Throw: Stone             |       |     7 |    20 |    16 ||    43
 Cast: Infusion          |     3 |    17 |    17 |    10 ||    47
       Shroud of Golubri |       |     4 |    16 |     7 ||    27
       Song of Slaying   |       |     1 |     2 |     4 ||     7
       Spectral Weapon   |       |     1 |    14 |     4 ||    19
       Regeneration      |       |       |    13 |     5 ||    18
Invok: Serpent's Lash    |       |       |       |     1 ||     1
  Use: Scroll            |       |     1 |     5 |       ||     6
       Potion            |       |     3 |     2 |       ||     5
 Stab: Sleeping          |     1 |     2 |     2 |     1 ||     6
       Distracted        |       |     2 |     1 |       ||     3
       Invisible         |       |       |     3 |       ||     3
  Eat: Chunk             |     1 |    11 |    13 |     9 ||    34
       Royal jelly       |       |     1 |     2 |     1 ||     4
       Fruit             |       |       |       |     1 ||     1
Armor: Leather armour    |    18 |    25 |    79 |       ||   122
       Ring mail         |       |       |     3 |   117 ||   120
Dodge: Dodged            |    36 |   131 |   244 |   195 ||   606
       Rpst.: Falchion   |    14 |    42 |    24 |       ||    80

Table legend:
 A = Spawn XP
 B = Non-spawn XP
 C = Spawn XP percentage of total XP
 D = Spawn monster count
 E = Non-spawn monster count
 F = Spawn count percentage of total count
 G = Total turns spent on level
                    A         B        C        D         E        F      G
               +---------+---------+-------+---------+---------+-------+---------
         Total |       0 |   12265 |   0.0 |       0 |     192 |   0.0 | 11968
               +---------+---------+-------+---------+---------+-------+---------
           D:1 |       0 |      45 |   0.0 |       0 |      23 |   0.0 |  1111
           D:2 |       0 |      92 |   0.0 |       0 |      13 |   0.0 |  1411
           D:3 |       0 |      72 |   0.0 |       0 |      19 |   0.0 |  1246
           D:4 |       0 |     308 |   0.0 |       0 |      19 |   0.0 |  1417
           D:5 |       0 |    1477 |   0.0 |       0 |      26 |   0.0 |  2031
           D:6 |       0 |     899 |   0.0 |       0 |      15 |   0.0 |   856
           D:7 |       0 |    1774 |   0.0 |       0 |      20 |   0.0 |  1919
           D:8 |       0 |    7051 |   0.0 |       0 |      53 |   0.0 |  1805
        Lair:1 |       0 |     547 |   0.0 |       0 |       4 |   0.0 |   167
               +---------+---------+-------+---------+---------+-------+---------
